 Dungeon Sprint DCSS version 0.28.0-53-g5a82cb258f (webtiles) character file.

Game seed: 17332065532238935806

583 Groucho the Covert (level 7, -10/37 HPs)
             Began as a Spriggan Enchanter on July 19, 2022.
             Mangled by Menkaure (21 damage)
             ... in the Dungeon (Sprint II: "The Violet Keep of Menkaure").
             The game lasted 00:01:46 (78 turns).

Groucho the Covert (Spriggan Enchanter)               Turns: 78, Time: 00:01:47

Health: -10/37     AC:  2    Str:  6    XL:     7   Next: 14%
Magic:  13/17      EV: 23    Int: 16    God:
Gold:   0          SH:  0    Dex: 16    Spells: 18/18 levels left

rFire   . . .      SeeInvis +   a - +1 dagger
rCold   . . .      Faith    .   (no shield)
rNeg    . . .      Spirit   .   b - +0 robe
rPois   .          Reflect  .   (helmet restricted)
rElec   .          Harm     .   (no cloak)
rCorr   .          Rampage  .   (gloves unavailable)
Will    +....      NoTele   +   (boots unavailable)
Stlth   +++++.....              (no amulet)
HPRegen 0.12/turn               (no ring)
MPRegen 0.15/turn               (no ring)

@: hasted, invisible, very quick
A: very small, no large weapons, unfitting armour, see invisible, speed 3
a: no special abilities


You were in the Dungeon.
You visited 1 branch

Inventory:

Hand Weapons
 a - a +1 dagger (weapon)
Armour
 b - a +0 robe (worn)
Scrolls
 i - a scroll of blinking
Potions
 d - a potion of curing
 e - a potion of heal wounds
 g - 2 potions of magic


   Skills:
 + Level 3.8 Fighting
 * Level 7.6 Short Blades
 * Level 9.4 Dodging
 * Level 11.6 Stealth
 + Level 6.4 Spellcasting
 * Level 9.1 Hexes


You had 18 spell levels left.
You didn't know any spells.
Your spell library contained the following spells:

 Spells                   Type           Power      Damage    Failure   Level
 Confusing Touch          Hex            34%        N/A       1%          3
 Tukima's Dance           Hex            34%        N/A       1%          3
 Ensorcelled Hibernation  Hex/Ice        38%        N/A       3%          2
 Dazzling Flash           Conj/Hex       38%        N/A       6%          3


Dungeon Overview and Level Annotations

Branches:
Dungeon (1/1)

Altars:

Annotations:
D Menkaure


Innate Abilities, Weirdness & Mutations

You are very small and have problems with some larger weapons.
You are too small for most types of armour.
You have supernaturally acute eyesight. (SInv)
You cover ground extremely quickly. (Speed+++)


Message History

Unknown command.
The helpless scorpion fails to defend itself.
You stick the scorpion like a pincushion!!!!
You kill the scorpion!
Your Hexes skill increases to level 9!
There is an open door here.
You open the door. 3 worms come into view.
There is an open door here.
You recover from your berserk rage.
The helpless worm fails to defend itself.
You skewer the worm like a kebab!!!!
You kill the worm!
No target in view!
There is an open door here.
Menkaure, Prince of Dust comes into view.
Found 243 gold pieces.
The helpless worm fails to defend itself.
You spit the worm like a pig!!!!
You kill the worm!
The helpless worm fails to defend itself.
You skewer the worm like a kebab!!!!
You kill the worm!
You hit Menkaure.
Menkaure is heavily damaged.
You barely miss Menkaure.
Menkaure is heavily damaged.
Menkaure points at you and mumbles some strange words.
Pain shoots through your body!
* * * LOW HITPOINT WARNING * * *
You are too injured to fight recklessly!
You hit Menkaure but do no damage.
Menkaure is heavily damaged.
You hit Menkaure.
Menkaure is heavily damaged.
You hit Menkaure.
Menkaure is severely damaged.
Menkaure hits you!!
Ouch! That really hurt!
You die...

## ## ##. .##
.. .. # .#. ##
## #. #†###†#
..#
#l##.##.###..#
#+.<.'##$'..#
#l##.##..@# #.
##'###M## #
#.#.####
#†.#.†#
###$### #+#


You could see Menkaure.

Vanquished Creatures
  4 necrophages (D)
  4 scorpions (D)
  3 worms (D)
11 creatures vanquished.

Notes
Turn   | Place    | Note
-------+----------+-------------------------------------------
     0 | D        | Groucho the Spriggan Enchanter began the quest for the Orb.
     0 | D        | Reached XP level 1. HP: 9/9 MP: 5/5
     1 | D        | Noticed a wyvern
     1 | D        | Noticed a wyvern
     4 | D        | Noticed a necrophage
     4 | D        | Noticed a necrophage
     4 | D        | Noticed a necrophage
     4 | D        | Noticed a necrophage
    11 | D        | Killed a necrophage
    12 | D        | Reached skill level 1 in Fighting
    12 | D        | Reached skill level 5 in Dodging
    12 | D        | Reached skill level 7 in Stealth
    12 | D        | Reached skill level 5 in Hexes
    12 | D        | Reached XP level 2. HP: 15/15 MP: 6/8
    12 | D        | Reached XP level 3. HP: 18/18 MP: 6/9
    12 | D        | Reached XP level 4. HP: 23/23 MP: 7/11
    19 | D        | Killed a necrophage
    20 | D        | Reached skill level 5 in Short Blades
    20 | D        | Reached skill level 8 in Stealth
    20 | D        | Reached XP level 5. HP: 27/27 MP: 8/13
    45 | D        | Killed a necrophage
    46 | D        | Reached skill level 9 in Stealth
    46 | D        | Reached skill level 5 in Spellcasting
    49 | D        | Killed a necrophage
    50 | D        | Reached skill level 10 in Stealth
    50 | D        | Reached XP level 6. HP: 19/32 MP: 11/15
    57 | D        | Reached skill level 11 in Stealth
    60 | D        | Reached XP level 7. HP: 23/37 MP: 12/17
    69 | D        | Noticed Menkaure
    78 | D        | Mangled by Menkaure

Illustrated notes

Levels and vault maps discovered:
D:        the_violet_keep_of_menkaure [sprint2_stairs_cluster_1,
          sprint2_shoproom, sprint2_temple, sprint2_basic_supplies,
          sprint2_obstacle_7, sprint2_obstacle_3, sprint2_obstacle_1,
          sprint2_obstacle_2, sprint2_obstacle_4, sprint2_timed_cluster_1,
          sprint2_smallroom_cluster_1, sprint2_smallroom_final_cluster_1,
          sprint2_transparent_cluster_1, sprint2_second_timed_cluster_1,
          sprint2_sniper_area_1, sprint2_heavy_combat_area_1,
          sprint2_mutation_trap_area_1, sprint2_forest_area_1,
          sprint2_light_combat_area_1, sprint2_behind_water_1,
          sprint2_near_end_vault_1]

Skill      XL: |  1  2  3  4  5  6  7 |
---------------+----------------------+-----
Fighting       | 1 2 3 |  3.8
Short Blades   | 4 5 6 7 |  7.6
Dodging        | 5 6 8 9 |  9.4
Stealth        | 7 8 10 11 | 11.6
Spellcasting   | 4 5 6 |  6.4
Hexes          | 5 6 8 9 |  9.1

Action                   |  1- 3 |  4- 6 |  7- 9 || total
-------------------------+-------+-------+-------++-------
Melee: Dagger            |     6 |    38 |     9 ||    53
  Use: Potion            |     1 |     2 |       ||     3
 Stab: Invisible         |       |     1 |       ||     1
       Sleeping          |       |     3 |     4 ||     7
Dodge: Dodged            |     2 |    22 |       ||    24
